TOP OF THE 1ST |
Joplin Blasters batting - Pitching for Victoria Capitals : LHP Jakob Lauritzen
|
Pitching: LHP Jakob Lauritzen
|
|
Batting: RHB Dustin Peterson
|
0-0: Fly out, F9 (Flyball, 9, EV 90.0 MPH)
|
Batting: RHB Esteban Acuna
|
0-0: Called Strike 0-1: Called Strike 0-2: Ball 1-2: Strikes out looking
|
Batting: RHB Mike McClung
|
0-0: Foul Ball, location: 2F 0-1: Ball 1-1: Swinging Strike 1-2: Ball 2-2: Ball 3-2: Base on Balls
|
Batting: RHB Steve Huebner
|
0-0: Ball 1-0: Called Strike 1-1: Called Strike 1-2: Ball 2-2: Fielders Choice at 2nd, 5-4 (Groundball, 56, EV 90.0 MPH)
|
Top of the 1st over - 0 runs, 0 hits, 0 errors, 1 left on base; Joplin 0 - Victoria 0 |
BOTTOM OF THE 1ST |
Victoria Capitals batting - Pitching for Joplin Blasters : RHP Jay Foster
|
Pitching: RHP Jay Foster
|
|
Batting: RHB Mike Reynolds
|
0-0: Ground out 6-3 (Groundball, 6, EV 82.5 MPH)
|
Batting: RHB Antonio Arechiga
|
0-0: Ball 1-0: Foul Ball, location: 2F 1-1: Ball 2-1: Foul Ball, location: 2F 2-2: Ground out 6-3 (Groundball, 6, EV 88.8 MPH)
|
Batting: RHB Caleb Dean
|
0-0: Swinging Strike 0-1: Swinging Strike 0-2: Ground out 1-3 (Groundball, 15S, EV 68.1 MPH)
|
Bottom of the 1st over - 0 runs, 0 hits, 0 errors, 0 left on base; Joplin 0 - Victoria 0 |
TOP OF THE 2ND |
Joplin Blasters batting - Pitching for Victoria Capitals : LHP Jakob Lauritzen
|
Batting: RHB Kevin Lea
|
0-0: Called Strike 0-1: Called Strike 0-2: Ball 1-2: Strikes out swinging
|
Batting: RHB Jin-hoi Hur
|
0-0: Called Strike 0-1: Ball 1-1: Foul Ball, location: 2F 1-2: Foul Ball, location: 2F 1-2: Ground out 6-3 (Groundball, 6M, EV 83.1 MPH)
|
Batting: RHB Nate Brewer
|
0-0: Foul Ball, location: 2F 0-1: Foul Ball, location: 2F 0-2: Ball 1-2: Strikes out looking
|
Top of the 2nd over - 0 runs, 0 hits, 0 errors, 0 left on base; Joplin 0 - Victoria 0 |
BOTTOM OF THE 2ND |
Victoria Capitals batting - Pitching for Joplin Blasters : RHP Jay Foster
|
Batting: LHB Willard Balcome
|
0-0: Ball 1-0: Called Strike 1-1: Called Strike 1-2: Ball 2-2: Strikes out looking
|
Batting: SHB Rich Roberts
|
0-0: Called Strike 0-1: Fly out, F8 (Flyball, 8RD, EV 86.2 MPH)
|
Batting: LHB Jason Cary
|
0-0: Ball 1-0: Called Strike 1-1: Called Strike 1-2: Foul Ball, location: 2F 1-2: Foul Ball, location: 2F 1-2: Strikes out swinging
|
Bottom of the 2nd over - 0 runs, 0 hits, 0 errors, 0 left on base; Joplin 0 - Victoria 0 |
TOP OF THE 3RD |
Joplin Blasters batting - Pitching for Victoria Capitals : LHP Jakob Lauritzen
|
Batting: LHB Josh Lane
|
0-0: Ball 1-0: Foul Ball, location: 2F 1-1: Foul Ball, location: 2F 1-2: Strikes out swinging
|
Batting: RHB Jaden Brown
|
0-0: Ball 1-0: Ball 2-0: Called Strike 2-1: Swinging Strike 2-2: Ball 3-2: Ground out 6-3 (Groundball, 6S, EV 89.4 MPH)
|
Batting: RHB Dustin Peterson
|
0-0: Ball 1-0: Ball 2-0: Called Strike 2-1: Ball 3-1: Base on Balls
|
Batting: RHB Esteban Acuna
|
0-0: Ball 1-0: Called Strike 1-1: SINGLE (Line Drive, 6D, EV 100.0 MPH) Dustin Peterson to second
|
Batting: RHB Mike McClung
|
0-0: Called Strike 0-1: Ball 1-1: SINGLE (Line Drive, 56D, EV 95.0 MPH) Dustin Peterson to third Esteban Acuna to second Runner from 3rd tries for Home, SAFE, throw by LF to home
|
Batting: RHB Steve Huebner
|
0-0: Called Strike 0-1: Foul Ball, location: 2F 0-2: 3-RUN HOME RUN (Flyball, 78XD, EV 105.6 MPH), Distance : 390 ft
|
Batting: RHB Kevin Lea
|
0-0: Ball 1-0: Ball 2-0: Ball 3-0: Base on Balls
|
Batting: RHB Jin-hoi Hur
|
0-0: Ball 1-0: Called Strike 1-1: Ball 2-1: Fly out, F9 (Flyball, 9S, EV 95.6 MPH)
|
Top of the 3rd over - 4 runs, 3 hits, 0 errors, 1 left on base; Joplin 4 - Victoria 0 |
BOTTOM OF THE 3RD |
Victoria Capitals batting - Pitching for Joplin Blasters : RHP Jay Foster
|
Batting: LHB Mike Jones
|
0-0: Ball 1-0: Swinging Strike 1-1: Ground out U3 (Groundball, 3, EV 83.8 MPH)
|
Batting: RHB Hyeon-cheong Lee
|
0-0: Called Strike 0-1: Ball 1-1: Ball 2-1: Foul Ball, location: 7LSF, Error on foul ball, E7 2-2: Fly out, F7 (Flyball, 7, EV 90.6 MPH)
|
Batting: RHB Ray Wathey
|
0-0: Ball 1-0: Called Strike 1-1: Foul Ball, location: 2F 1-2: Foul Ball, location: 2F 1-2: Ball 2-2: Strikes out swinging
|
Bottom of the 3rd over - 0 runs, 0 hits, 1 error, 0 left on base; Joplin 4 - Victoria 0 |
TOP OF THE 4TH |
Joplin Blasters batting - Pitching for Victoria Capitals : LHP Jakob Lauritzen
|
Batting: RHB Nate Brewer
|
0-0: Ball 1-0: Foul Ball, location: 2F 1-1: Swinging Strike 1-2: Strikes out swinging
|
Batting: LHB Josh Lane
|
0-0: Swinging Strike 0-1: Fly out, F8 (Flyball, 8LD, EV 95.0 MPH)
|
Batting: RHB Jaden Brown
|
0-0: Ball 1-0: Swinging Strike 1-1: Swinging Strike 1-2: Strikes out looking
|
Top of the 4th over - 0 runs, 0 hits, 0 errors, 0 left on base; Joplin 4 - Victoria 0 |
BOTTOM OF THE 4TH |
Victoria Capitals batting - Pitching for Joplin Blasters : RHP Jay Foster
|
Batting: RHB Mike Reynolds
|
0-0: Called Strike 0-1: Ball 1-1: Ball 2-1: Ball 3-1: Called Strike 3-2: Foul Ball, location: 2F 3-2: Foul Ball, location: 2F 3-2: Base on Balls
|
Batting: RHB Antonio Arechiga
|
0-0: Ball 1-0: Called Strike 1-1: Ball 2-1: Foul Ball, location: 2F 2-2: Ball 3-2: Fly out, F3 (Popup, 3SF, EV 88.8 MPH)
|
Batting: RHB Caleb Dean
|
0-0: Ball 1-0: Foul Ball, location: 2F 1-1: Foul Ball, location: 2F 1-2: Ball 2-2: Hit by Pitch Mike Reynolds to second
|
Batting: LHB Willard Balcome
|
0-0: SINGLE (Flyball, 5D, EV 88.1 MPH) Mike Reynolds to third Caleb Dean to second
|
Batting: SHB Rich Roberts
|
0-0: Ball 1-0: Called Strike 1-1: Swinging Strike 1-2: Reached on error, E5 (Groundball, 5, EV 86.2 MPH) Mike Reynolds scores Caleb Dean to third Willard Balcome to second
|
Batting: LHB Jason Cary
|
0-0: Ball 1-0: Swinging Strike 1-1: SINGLE (Groundball, 56D, EV 104.4 MPH) Caleb Dean scores Willard Balcome to third Rich Roberts to second Runner from 3rd tries for Home, throw by LF and OUT! 7-2
|
Pitching: RHP Robert Carlos
|
|
Pinch Hitting: RHB Roberto Medina
|
0-0: Ball 1-0: Called Strike 1-1: Ball 2-1: Ball 3-1: Fly out, F8 (Flyball, 8RD, EV 91.2 MPH)
|
Bottom of the 4th over - 2 runs, 2 hits, 1 error, 2 left on base; Joplin 4 - Victoria 2 |
TOP OF THE 5TH |
Joplin Blasters batting - Pitching for Victoria Capitals : LHP Jakob Lauritzen
|
Now in LF: Rick Harrison
|
|
Batting: RHB Dustin Peterson
|
0-0: Ball 1-0: Ball 2-0: Called Strike 2-1: Ball 3-1: Foul Ball, location: 2F 3-2: Ground out 6-3 (Groundball, 6, EV 88.1 MPH)
|
Pitching: RHP Arthur Adams
|
|
Batting: RHB Esteban Acuna
|
0-0: Foul Ball, location: 2F 0-1: Ball 1-1: Foul Ball, location: 2F 1-2: Strikes out swinging
|
Batting: RHB Mike McClung
|
0-0: Ground out 1-3 (Groundball, 34S, EV 68.8 MPH)
|
Top of the 5th over - 0 runs, 0 hits, 0 errors, 0 left on base; Joplin 4 - Victoria 2 |
BOTTOM OF THE 5TH |
Victoria Capitals batting - Pitching for Joplin Blasters : RHP Robert Carlos
|
Batting: RHB Hyeon-cheong Lee
|
0-0: Ball 1-0: Ball 2-0: Foul Ball, location: 2F 2-1: Fly out, F7 (Flyball, 7LS, EV 91.9 MPH)
|
Batting: RHB Ray Wathey
|
0-0: Ball 1-0: Foul Ball, location: 2F 1-1: Ball 2-1: Ball 3-1: Foul Ball, location: 2F 3-2: SINGLE (Flyball, 8LS, EV 96.9 MPH)
|
Pinch Hitting: RHB Nick Ellis
|
0-0: Ball 1-0: Called Strike 1-1: Swinging Strike 1-2: Ball 2-2: Strikes out swinging
|
Batting: RHB Antonio Arechiga
|
0-0: Ball 1-0: Ball 2-0: Foul Ball, location: 2F 2-1: Swinging Strike 2-2: Foul Ball, location: 2F 2-2: Ball 3-2: Foul Ball, location: 2F 3-2: Hit by Pitch Ray Wathey to second
|
Batting: RHB Caleb Dean
|
0-0: Foul Ball, location: 2F 0-1: Fielders Choice at 2nd, 5-4 (Groundball, 56, EV 83.8 MPH)
|
Bottom of the 5th over - 0 runs, 1 hit, 0 errors, 2 left on base; Joplin 4 - Victoria 2 |
TOP OF THE 6TH |
Joplin Blasters batting - Pitching for Victoria Capitals : RHP Arthur Adams
|
Now at 3B: Nick Ellis
|
|
Batting: RHB Steve Huebner
|
0-0: Ground out 6-3 (Groundball, 6, EV 87.5 MPH)
|
Batting: RHB Kevin Lea
|
0-0: Called Strike 0-1: TRIPLE (Line Drive, 9LD, EV 98.8 MPH)
|
Batting: RHB Jin-hoi Hur
|
0-0: Called Strike 0-1: Swinging Strike 0-2: Foul Ball, location: 2F 0-2: Ball 1-2: Strikes out swinging
|
Batting: RHB Nate Brewer
|
0-0: Intentional Walk
|
Batting: LHB Josh Lane
|
0-0: TRIPLE (Flyball, 9LD, EV 100.0 MPH) Kevin Lea scores Nate Brewer scores
|
Batting: RHB Jaden Brown
|
0-0: Ball 1-0: Foul Ball, location: 2F 1-1: Swinging Strike 1-2: Strikes out swinging
|
Top of the 6th over - 2 runs, 2 hits, 0 errors, 1 left on base; Joplin 6 - Victoria 2 |
BOTTOM OF THE 6TH |
Victoria Capitals batting - Pitching for Joplin Blasters : RHP Robert Carlos
|
Batting: LHB Willard Balcome
|
0-0: Ball 1-0: Swinging Strike 1-1: SINGLE (Groundball, 6D, EV 97.5 MPH)
|
Batting: SHB Rich Roberts
|
0-0: SINGLE (Groundball, 34D, EV 105.6 MPH) Willard Balcome to second Runner from 2nd tries for 3rd, SAFE, no throw by RF
|
Batting: LHB Jason Cary
|
0-0: Ball 1-0: Ball 2-0: Ball 3-0: Base on Balls Rich Roberts to second
|
Batting: LHB Rick Harrison
|
0-0: Fielders Choice at 2nd, 4-6 (Groundball, 34D, EV 86.2 MPH) Willard Balcome scores Rich Roberts to third
|
Pinch Hitting: LHB Yen-ti Zhu
|
0-0: Ball Rick Harrison is caught stealing 2nd base 2-6 1-0: Foul Ball, location: 2F 1-1: Ground out U3 (Groundball, 3L, EV 84.4 MPH)
|
Bottom of the 6th over - 1 run, 2 hits, 0 errors, 1 left on base; Joplin 6 - Victoria 3 |
TOP OF THE 7TH |
Joplin Blasters batting - Pitching for Victoria Capitals : RHP Arthur Adams
|
Pitching: RHP Joey Mallandaine
|
|
Now in RF: Kevin Harris
|
|
Batting: RHB Dustin Peterson
|
0-0: Foul Ball, location: 2F 0-1: Foul Ball, location: 2F 0-2: Ball 1-2: Strikes out swinging
|
Batting: RHB Esteban Acuna
|
0-0: Called Strike 0-1: Swinging Strike 0-2: Ball 1-2: Foul Ball, location: 2F 1-2: Foul Ball, location: 2F 1-2: Ball 2-2: Foul Ball, location: 2F 2-2: Ball 3-2: SINGLE (Line Drive, 4D, EV 101.9 MPH)
|
Batting: RHB Mike McClung
|
Pickoff Throw to First - Error! E1 Esteban Acuna to second 0-0: Intentional Walk
|
Batting: RHB Steve Huebner
|
0-0: Ball 1-0: Ball 2-0: Called Strike 2-1: Ball 3-1: Base on Balls Esteban Acuna to third Mike McClung to second
|
Pinch Hitting: RHB Cody Marshall
|
0-0: Foul Ball, location: 2F 0-1: SINGLE (Flyball, 34D, EV 93.1 MPH) Esteban Acuna scores Mike McClung to third Steve Huebner to second
|
Batting: RHB Carlos Castillo
|
0-0: Ball 1-0: Grounds into double play, 5-4-3 (Groundball, 5, EV 87.5 MPH)
|
Top of the 7th over - 1 run, 2 hits, 1 error, 2 left on base; Joplin 7 - Victoria 3 |
BOTTOM OF THE 7TH |
Victoria Capitals batting - Pitching for Joplin Blasters : RHP Robert Carlos
|
Now at 1B: Colin Padgett
|
|
Pinch Hitting: RHB Jeremy Marin
|
0-0: Ball 1-0: Called Strike 1-1: Called Strike 1-2: Foul Ball, location: 2F 1-2: Ball 2-2: SINGLE (Flyball, 8LS, EV 96.9 MPH)
|
Batting: RHB Nick Ellis
|
0-0: Called Strike 0-1: Ball 1-1: Ball 2-1: Foul Ball, location: 2F 2-2: Foul Ball, location: 2F 2-2: Ball 3-2: SINGLE (Line Drive, 89S, EV 87.5 MPH) Jeremy Marin to second Jeremy Marin to third
|
Batting: RHB Antonio Arechiga
|
0-0: Called Strike Nick Ellis is caught stealing 2nd base 2-4 0-1: Swinging Strike 0-2: Ball 1-2: Foul Ball, location: 2F 1-2: Foul Ball, location: 2F 1-2: DOUBLE (Line Drive, 7LD, EV 108.8 MPH) Jeremy Marin scores
|
Pitching: RHP Rade Mamula
|
|
Batting: RHB Caleb Dean
|
0-0: Called Strike 0-1: Ball 1-1: Foul Ball, location: 2F 1-2: Ground out 5-3 (Groundball, 56, EV 106.2 MPH)
|
Batting: LHB Willard Balcome
|
0-0: Ball 1-0: Ball 2-0: Called Strike 2-1: Swinging Strike 2-2: Strikes out swinging
|
Bottom of the 7th over - 1 run, 3 hits, 0 errors, 1 left on base; Joplin 7 - Victoria 4 |
TOP OF THE 8TH |
Joplin Blasters batting - Pitching for Victoria Capitals : RHP Joey Mallandaine
|
Now at SS: Jeremy Marin
|
|
Pinch Hitting: RHB Luis Mendoza
|
0-0: Ball 1-0: Ball 2-0: Foul Ball, location: 2F 2-1: Ground out 5-3 (Groundball, 56S, EV 63.1 MPH)
|
Batting: LHB Josh Lane
|
0-0: Ground out 4-3 (Groundball, 4, EV 105.6 MPH)
|
Batting: RHB Jaden Brown
|
0-0: Ball 1-0: Swinging Strike 1-1: SINGLE (Groundball, 56S, EV 69.4 MPH) (infield hit)
|
Batting: RHB Dustin Peterson
|
0-0: Called Strike 0-1: SINGLE (Groundball, 56S, EV 98.8 MPH) Jaden Brown to second
|
Batting: RHB Esteban Acuna
|
0-0: Swinging Strike 0-1: Foul Ball, location: 2F 0-2: Strikes out swinging
|
Top of the 8th over - 0 runs, 2 hits, 0 errors, 2 left on base; Joplin 7 - Victoria 4 |
BOTTOM OF THE 8TH |
Victoria Capitals batting - Pitching for Joplin Blasters : RHP Rade Mamula
|
Now in CF: Alex Valadez
|
|
Batting: SHB Rich Roberts
|
0-0: Called Strike 0-1: Foul Ball, location: 2F 0-2: Fly out, F7 (Flyball, 7D, EV 106.2 MPH)
|
Batting: LHB Jason Cary
|
0-0: Ball 1-0: Called Strike 1-1: Fly out, F9 (Flyball, 9, EV 91.9 MPH)
|
Batting: LHB Rick Harrison
|
0-0: Called Strike 0-1: Swinging Strike 0-2: Foul Ball, location: 2F 0-2: Hit by Pitch
|
Pinch Hitting: LHB Adam Lupfer
|
0-0: Foul Ball, location: 2F 0-1: Hit by Pitch Rick Harrison to second
|
Batting: RHB Jeremy Marin
|
0-0: Ball 1-0: Foul Ball, location: 2F 1-1: Ball 2-1: Foul Ball, location: 2F 2-2: Ball 3-2: Ground out 1-3 (Groundball, 34S, EV 70.0 MPH)
|
Bottom of the 8th over - 0 runs, 0 hits, 0 errors, 2 left on base; Joplin 7 - Victoria 4 |
TOP OF THE 9TH |
Joplin Blasters batting - Pitching for Victoria Capitals : RHP Joey Mallandaine
|
Now in RF: Adam Lupfer
|
|
Batting: RHB Mike McClung
|
0-0: Ball 1-0: Swinging Strike 1-1: Swinging Strike 1-2: Strikes out swinging
|
Batting: RHB Steve Huebner
|
0-0: Called Strike 0-1: Ball 1-1: Called Strike 1-2: Ball 2-2: Fly out, F9 (Line Drive, 9S, EV 99.4 MPH)
|
Batting: RHB Colin Padgett
|
0-0: Called Strike 0-1: Called Strike 0-2: Strikes out swinging
|
Top of the 9th over - 0 runs, 0 hits, 0 errors, 0 left on base; Joplin 7 - Victoria 4 |
BOTTOM OF THE 9TH |
Victoria Capitals batting - Pitching for Joplin Blasters : RHP Rade Mamula
|
Batting: RHB Nick Ellis
|
0-0: Ball 1-0: Ball 2-0: Foul Ball, location: 2F 2-1: Ball 3-1: SINGLE (Groundball, 6, EV 98.1 MPH)
|
Pinch Hitting: RHB Rowan Prince
|
0-0: Swinging Strike 0-1: Ball 1-1: SINGLE (Line Drive, 7LS, EV 110.0 MPH) Nick Ellis to second
|
Batting: RHB Caleb Dean
|
0-0: Called Strike 0-1: Ball 1-1: Swinging Strike 1-2: Ball 2-2: Foul Ball, location: 2F 2-2: Ball 3-2: SINGLE (Groundball, 5D, EV 106.2 MPH) Nick Ellis to third Rowan Prince to second
|
Pinch Hitting: RHB Josh Rentz
|
0-0: Ball 1-0: Foul Ball, location: 2F 1-1: Ball 2-1: Ball 3-1: Called Strike 3-2: Base on Balls Nick Ellis scores Rowan Prince to third Caleb Dean to second
|
Batting: SHB Rich Roberts
|
0-0: Ball 1-0: Called Strike 1-1: Foul Ball, location: 2F 1-2: Foul Ball, location: 2F 1-2: Fly out, F7 (Flyball, 7LSF, EV 93.1 MPH)
|
Batting: LHB Jason Cary
|
0-0: Called Strike 0-1: Ball 1-1: Ball 2-1: Ball 3-1: SINGLE (Line Drive, 8LS, EV 101.2 MPH) Rowan Prince scores Caleb Dean to third Josh Rentz to second Runner from 3rd tries for Home, throw by CF and OUT! 8-2
|
Pinch Runner at 2nd Ron Mack:
|
|
Batting: LHB Rick Harrison
|
0-0: Ball Wild Pitch! Ron Mack to third Jason Cary to second 1-0: Ball 2-0: Ball 3-0: Foul Ball, location: 2F 3-1: Base on Balls
|
Pitching: RHP Bobby Leon
|
|
Now at 2B: Angel Melendez
|
|
Now at SS: Esteban Acuna
|
|
Now in LF: Alex Valadez
|
|
Now in CF: Sean Walters
|
|
Batting: LHB Adam Lupfer
|
0-0: Ball Wild Pitch! Ron Mack scores Jason Cary to third Rick Harrison to second 1-0: Foul Ball, location: 2F 1-1: Ball 2-1: Ground out 6-3 (Groundball, 6, EV 100.6 MPH)
|
Bottom of the 9th over - 3 runs, 4 hits, 0 errors, 2 left on base; Joplin 7 - Victoria 7 |
TOP OF THE 10TH |
Joplin Blasters batting - Pitching for Victoria Capitals : RHP Joey Mallandaine
|
Pitching: RHP Charlie Bowden
|
|
Now at 1B: Rowan Prince
|
|
Now in CF: Ron Mack
|
|
Batting: RHB Carlos Castillo
|
0-0: Called Strike 0-1: Ball 1-1: Foul Ball, location: 2F 1-2: Strikes out swinging
|
Pinch Hitting: RHB Mike Stokes
|
0-0: Fly out, F8 (Flyball, 89M, EV 85.0 MPH)
|
Pinch Hitting: RHB Tanner Holland
|
0-0: Swinging Strike 0-1: Ball 1-1: Ball 2-1: Swinging Strike 2-2: Foul Ball, location: 2F 2-2: Foul Ball, location: 2F 2-2: Strikes out swinging
|
Top of the 10th over - 0 runs, 0 hits, 0 errors, 0 left on base; Joplin 7 - Victoria 7 |
BOTTOM OF THE 10TH |
Victoria Capitals batting - Pitching for Joplin Blasters : RHP Bobby Leon
|
Now at 3B: Mike Stokes
|
|
Now in LF: Abban Sartika
|
|
Batting: RHB Jeremy Marin
|
0-0: Ball 1-0: Swinging Strike 1-1: SINGLE (Line Drive, 8LS, EV 96.9 MPH)
|
Batting: RHB Nick Ellis
|
0-0: Foul Ball, location: 2F 0-1: Swinging Strike 0-2: Strikes out looking
|
Batting: RHB Rowan Prince
|
0-0: Ball 1-0: Ball 2-0: Reached on error, E9 (Flyball, 89S, EV 76.2 MPH) Jeremy Marin to second
|
Batting: RHB Caleb Dean
|
0-0: Ball 1-0: Foul Ball, location: 2F 1-1: Ball 2-1: SINGLE (Line Drive, 4MD, EV 108.1 MPH) Jeremy Marin to third Rowan Prince to second Runner from 3rd tries for Home, SAFE, throw by CF to home
|
Bottom of the 10th over - 1 run, 2 hits, 1 error, 2 left on base; Joplin 7 - Victoria 8 |
|